[Event "Team 45 45 League T74"]
[Site "Internet Chess Club"]
[Date "2017.09.30"]
[Round "3"]
[White "Conjurer"]
[Black "skywise"]
[Result "1-0"]
[WhiteElo "1231"]
[BlackElo "1491"]
[Opening "Queen's pawn: London system"]
[ECO "A45"]
[Time "16:47:55"]
[TimeControl "2700+45"]

1. d4 Nf6 2. Bf4 d5 3. e3 g6 4. c4 e6 5. Nf3 Bg7 6. Nc3 c5 7. Nb5 Na6 8. Qa4 Bd7
9. Qb3 Qa5+ 10. Nd2 Bxb5 11. Qxb5+ Qxb5 12. cxb5 Nb4 13. Rc1 c4 14. Bd6 a5 15.
a3 Nd3+ 16. Bxd3 cxd3 17. O-O Kd7 18. Be5 Rac8 19. Rc3 Rxc3 20. bxc3 h5 21. a4
b6 22. Nf3 Rc8 23. Rc1 Ne8 24. Bg3 Bf8 25. Ne5+ Ke7 26. Nxd3 Kf6 27. Be5+ Kf5
28. h3 Bd6 29. f3 f6 30. g4+ hxg4 31. hxg4+ Kg5 32. Bf4+ Bxf4 33. Nxf4 Ng7 34.
Kg2 Rc4 35. Nh3+ Kh6 36. Rh1 Ne8 37. Nf4+ Kg7 38. Nxe6+ Kf7 39. Nf4 Nc7 40. Rh7+
Kg8 41. Rd7 Rxc3 42. Nxd5 Nxd5 43. Rxd5 Kf7 44. e4 Ra3 45. Rd6 Rxa4 46. d5 Ke7
47. Rxb6 Rb4 48. Kf2 Kd7 49. Rxf6 Rxb5 50. Rxg6 {Black resigns} 1-0

[Event "Team 45 45 League T74"]
[Site "Internet Chess Club"]
[Date "2017.09.29"]
[Round "3"]
[White "ivanson"]
[Black "justice02"]
[Result "1-0"]
[WhiteElo "1779"]
[BlackElo "1643"]
[Opening "French: Tarrasch, closed variation"]
[ECO "C05"]
[Time "20:00:29"]
[TimeControl "2700+45"]

1. e4 e6 2. d4 d5 3. Nd2 Nf6 4. e5 Nfd7 5. Bd3 c5 6. c3 Nc6 7. Ne2 Be7 8. Nf3 h6
9. O-O Qb6 10. b3 a6 11. Be3 Qc7 12. Rc1 b5 13. c4 cxd4 14. cxd5 exd5 15. Nexd4
Bb7 16. Nxc6 Bxc6 17. Bd4 Rc8 18. Qe2 O-O 19. Bb1 Rfe8 20. Qc2 Nf8 21. Bb2 Qd7
22. Nd4 Bb7 23. Qd3 Rxc1 24. Rxc1 Rc8 25. Re1 Qg4 26. e6 fxe6 27. h3 Qg5 28.
Nxe6 Nxe6 29. Rxe6 Kf7 30. Rg6 Qf4 31. Rxg7+ Kf8 32. Rg8+ Kxg8 33. Qg6+ Kf8 34.
Bg7+ {Black resigns} 1-0

[Event "Team 45 45 League T74"]
[Site "Internet Chess Club"]
[Date "2017.10.01"]
[Round "3"]
[White "Grenadier"]
[Black "Demachaeron"]
[Result "0-1"]
[WhiteElo "1605"]
[BlackElo "1691"]
[Opening "Scandinavian (center counter) defense"]
[ECO "B01"]
[Time "20:05:32"]
[TimeControl "2700+45"]

1. e4 d5 2. exd5 Qxd5 3. Nc3 Qa5 4. d4 Nf6 5. Nf3 Bg4 6. Bc4 e6 7. Bd2 c6 8. Qe2
Nbd7 9. h3 Bh5 10. Ne4 Qb6 11. Bc3 Be7 12. O-O Nd5 13. Bxd5 cxd5 14. Ng3 Bg6 15.
a4 a5 16. Rfc1 O-O 17. b3 Rac8 18. Qd2 Ra8 19. Ne2 Nf6 20. Ng3 Rfc8 21. Ne5 Bd6
22. Nxg6 hxg6 23. Qe3 Qc7 24. Be1 Bf4 25. Qe2 Bxc1 26. Rxc1 b6 27. f3 Qd6 28. c4
Rc6 29. Nf1 Rac8 30. Bg3 Qd7 31. Ne3 dxc4 32. Nxc4 Qxd4+ 33. Bf2 Qd8 34. Rd1 Qc7
35. Qd3 Nd5 36. Bd4 Qe7 37. g3 Qg5 38. Kf2 Qf5 39. Qe2 Qxh3 40. Rg1 Qf5 41. g4
Qg5 42. Rh1 Rd8 43. Qf1 f6 44. Bb2 Nb4 45. Bc1 Nd3+ 46. Kg3 Nxc1 47. f4 Qd5 48.
Qh3 Qd3+ 49. Kg2 Qxh3+ {White resigns} 0-1

[Event "Team 45 45 League T74"]
[Site "Internet Chess Club"]
[Date "2017.09.30"]
[Round "3"]
[White "UrsaMajor"]
[Black "bmw2002"]
[Result "1/2-1/2"]
[WhiteElo "1561"]
[BlackElo "1496"]
[Opening "Caro-Kann: Panov-Botvinnik attack"]
[ECO "B13"]
[Time "16:36:10"]
[TimeControl "2700+45"]

1. e4 c6 2. d4 d5 3. exd5 cxd5 4. c4 Nf6 5. Nc3 Bf5 6. Nf3 e6 7. c5 a6 8. Bd3 g6
9. O-O Bg7 10. Bg5 Qc7 11. Ne5 Nfd7 12. Nxd7 Nxd7 13. Be3 Nf6 14. h3 O-O 15.
Bxf5 gxf5 16. Qf3 b6 17. Bf4 Qc6 18. Qg3 bxc5 19. dxc5 Nh5 20. Qg5 Nxf4 21. Qxf4
Bxc3 22. bxc3 Qxc5 23. Qg5+ Kh8 24. Qf6+ Kg8 25. Rfe1 Rfc8 26. Re3 Kf8 27. Rg3
Ke8 28. Rb1 Ra7 29. Rg8+ Kd7 30. Qxf7+ Kd6 31. Rxc8 Rxf7 32. Rxc5 Kxc5 33. Rb4
e5 34. a3 Rd7 35. Ra4 Rd6 36. Kf1 Rb6 37. Ke2 Rb2+ 38. Kd3 Kb5 39. Rb4+ Rxb4 40.
axb4 a5 41. bxa5 Kxa5 42. f3 Kb5 {Game drawn by mutual agreement} 1/2-1/2

[Event "Team 45 45 League T74"]
[Site "Internet Chess Club"]
[Date "2017.10.02"]
[Round "3"]
[White "GoIrish"]
[Black "limeinthecoke"]
[Result "0-1"]
[WhiteElo "1521"]
[BlackElo "1518"]
[Opening "Réti v Dutch"]
[ECO "A04"]
[Time "20:04:21"]
[TimeControl "2700+45"]

1. Nf3 f5 2. d3 d6 3. e4 e5 4. Nc3 Nf6 5. exf5 Bxf5 6. d4 e4 7. Nh4 Be6 8. d5
Bd7 9. g3 Be7 10. Bg2 O-O 11. Nxe4 Nxe4 12. Bxe4 Bxh4 13. gxh4 Qxh4 14. Qe2 Re8
15. Bxh7+ Kxh7 16. Be3 c5 17. O-O-O Na6 18. Qd3+ g6 19. Rdg1 Bf5 20. Qd2 Rac8
21. Bf4 Nb4 22. a3 Re4 23. Bg5 Qh5 24. axb4 Re2 25. Qc3 Rxc2+ 26. Qxc2 Bxc2 27.
Kxc2 cxb4+ 28. Kb3 Rc5 29. Be3 Qxd5+ 30. Kxb4 Qc4+ 31. Ka3 Ra5# {White
checkmated} 0-1

[Event "Team 45 45 League T74"]
[Site "Internet Chess Club"]
[Date "2017.10.01"]
[Round "3"]
[White "fireball"]
[Black "calsal"]
[Result "1-0"]
[WhiteElo "1576"]
[BlackElo "1651"]
[Opening "Vienna game"]
[ECO "C25"]
[Time "10:06:37"]
[TimeControl "2700+45"]

1. e4 e5 2. Nc3 Bc5 3. Nf3 d6 4. d4 exd4 5. Nxd4 Nf6 6. Bg5 O-O 7. Bc4 h6 8. Bh4
Re8 9. Qd3 g5 10. Bg3 d5 11. Bb3 dxe4 12. Qc4 Bxd4 13. O-O-O Nc6 14. Qxf7+ Kh8
15. Ne2 Ng4 16. Nxd4 Nxd4 17. Rxd4 Qe7 18. Qc4 Be6 19. Qxe6 Qxe6 20. Bxe6 Rxe6
21. h3 Nf6 22. Bxc7 Kg7 23. h4 g4 24. Re1 Rc8 25. Ba5 Kf7 26. Bc3 Rce8 27. Rc4
R8e7 28. Bxf6 Kxf6 29. Re3 Re5 30. Kd2 Kf5 31. Ke2 Rd5 32. f3 exf3+ 33. gxf3
gxf3+ 34. Kxf3 Rxe3+ 35. Kxe3 Rb5 36. b3 Kg6 37. a4 Rb6 38. b4 Kh5 39. Kf3 a6
40. Kg3 Rg6+ 41. Kh3 Rg7 42. Rd4 Re7 43. c4 Re3+ 44. Kg2 Re2+ 45. Kg3 Re3+ 46.
Kf4 Re7 47. Kf5 Rc7 48. c5 Re7 49. Kf6 Rc7 50. Ke6 Rc6+ 51. Kd5 Rc7 52. b5 axb5
53. axb5 Rd7+ 54. Kc4 Rc7 55. Rd6 Kxh4 56. Rxh6+ Kg5 57. Rd6 Kf5 58. Kd5 Re7 59.
c6 Re5+ 60. Kc4 Re4+ 61. Kc5 Re7 62. Rd7 {Black resigns} 1-0

[Event "Team 45 45 League T74"]
[Site "Internet Chess Club"]
[Date "2017.09.29"]
[Round "3"]
[White "Chess4Him"]
[Black "Insan996"]
[Result "0-1"]
[WhiteElo "1560"]
[BlackElo "1644"]
[Opening "Queen's pawn: London system"]
[ECO "A45"]
[Time "20:12:37"]
[TimeControl "2700+45"]

1. d4 Nf6 2. Bf4 e6 3. Nf3 Bd6 4. Bg5 Be7 5. Nbd2 b6 6. e3 Bb7 7. Be2 O-O 8. c3
d6 9. O-O c5 10. Rc1 Ne4 11. Bxe7 Qxe7 12. Re1 Nxd2 13. Nxd2 Nd7 14. Bf3 Nf6 15.
e4 e5 16. d5 Nd7 17. Nf1 f5 18. Ng3 f4 19. Nf5 Qf6 20. Qd3 g6 21. Nh6+ Kg7 22.
Bg4 Bc8 23. Qh3 Qe7 24. c4 Nf6 25. Qh4 Bxg4 26. Nxg4 Qf7 27. Nh6 Qe7 28. Qg5 Kh8
29. Rc3 Nxd5 30. Qxe7 Nxe7 31. Rh3 Nc6 32. Rd1 Nd4 33. Kf1 Kg7 34. f3 a6 35. b3
b5 36. Rd2 bxc4 37. bxc4 Rfb8 38. Ng4 Rb4 39. Nf2 Rxc4 40. g4 Rb8 41. g5 Rc1+
42. Kg2 Rbb1 43. Rh4 Rc2 44. Rd1 Rxd1 45. Rg4 Rdd2 46. h4 Rxf2+ 47. Kh3 Rh2#
{White checkmated} 0-1

[Event "Team 45 45 League T74"]
[Site "Internet Chess Club"]
[Date "2017.09.29"]
[Round "3"]
[White "nidusin2"]
[Black "mongmong"]
[Result "1-0"]
[WhiteElo "1569"]
[BlackElo "1460"]
[Opening "Queen's pawn"]
[ECO "A40"]
[Time "21:35:44"]
[TimeControl "2700+45"]

1. d4 e6 2. Bf4 Nf6 3. e3 c5 4. c3 cxd4 5. exd4 b6 6. Nf3 Bb7 7. Nbd2 Be7 8. Bd3
O-O 9. O-O d6 10. Qc2 Nbd7 11. Rfe1 h6 12. h3 Nd5 13. Bg3 N7f6 14. a3 Qd7 15. c4
Rfc8 16. Qb3 Nc7 17. Rac1 Nce8 18. Qa2 Nh7 19. Ne4 Nef6 20. Ned2 Ne8 21. Qb1 Ng5
22. Nxg5 Bxg5 23. Rc2 Bxd2 24. Rxd2 Ba6 25. Rc2 d5 26. b3 dxc4 27. bxc4 Qxd4 28.
Rd1 Qc5 29. Be4 Bxc4 30. Bxa8 Rxa8 31. Qc1 b5 32. a4 a6 33. axb5 axb5 34. Rcd2
Nf6 35. Rd8+ Rxd8 36. Rxd8+ Kh7 37. Qc2+ Qf5 38. Qxf5+ exf5 39. f3 Nd5 40. Be5
f6 41. Bd6 Nb6 42. Kf2 Na4 43. h4 h5 44. g3 Nb2 45. Ke3 Nd3 46. Bf8 Kg8 47. Bb4+
Kf7 48. Rxd3 Bxd3 49. Kxd3 Ke6 50. Kd4 g5 51. Bd2 gxh4 52. gxh4 Kd6 53. Ke3 Ke5
54. Bc3+ Ke6 55. Kf4 {Black resigns} 1-0

[Event "Team 45 45 League T74"]
[Site "Internet Chess Club"]
[Date "2017.09.30"]
[Round "3"]
[White "Arthurhon"]
[Black "Portola"]
[Result "1/2-1/2"]
[WhiteElo "1522"]
[BlackElo "1744"]
[Opening "Queen's bishop game"]
[ECO "D02"]
[Time "20:30:36"]
[TimeControl "2700+45"]

1. d4 d5 2. Nf3 Nf6 3. Bf4 Bf5 4. e3 c6 5. c4 e6 6. Nbd2 h6 7. Be2 Be7 8. O-O
O-O 9. Rc1 Nbd7 10. c5 Nh5 11. Bg3 Nxg3 12. hxg3 Qc7 13. b4 e5 14. Nb3 Bf6 15.
dxe5 Nxe5 16. Nbd4 Bh7 17. Nxe5 Bxe5 18. Bd3 Bxd3 19. Qxd3 Qd7 20. Nf3 Qe7 21.
Nxe5 Qxe5 22. b5 Rfb8 23. a4 {Game drawn by mutual agreement} 1/2-1/2

[Event "Team 45 45 League T74"]
[Site "Internet Chess Club"]
[Date "2017.09.30"]
[Round "3"]
[White "bayoumicardio10"]
[Black "krysto"]
[Result "0-1"]
[WhiteElo "1470"]
[BlackElo "1596"]
[Opening "Réti: King's Indian attack, French variation"]
[ECO "C00"]
[Time "17:16:41"]
[TimeControl "2700+45"]

1. e4 e6 2. d3 d5 3. Nd2 Nf6 4. g3 c5 5. Bg2 Nc6 6. Ngf3 Be7 7. O-O O-O 8. Re1
b5 9. e5 Nd7 10. Nf1 a5 11. h4 Ba6 12. Bf4 Qb6 13. N1h2 b4 14. Ng4 a4 15. Qd2 b3
16. axb3 axb3 17. c3 Ra7 18. Bh6 Rfa8 19. Bxg7 Kxg7 20. Qh6+ Kh8 21. Rxa6 Qxa6
22. c4 dxc4 23. Ng5 Bxg5 24. hxg5 Rg8 25. Be4 Rg6 26. Bxg6 fxg6 27. Nf6 Nxf6 28.
exf6 Qc8 29. dxc4 Nd4 30. Kg2 Nf5 31. Qh3 Qc6+ 32. Kh2 Rd7 33. Ra1 Qf3 34. Qg2
Qxg2+ 35. Kxg2 Rd8 36. Ra7 Nd6 37. Rc7 Nxc4 38. Rxc5 Nxb2 39. Rb5 Nc4 40. Rxb3
Ne5 41. Re3 Nf7 42. f4 Re8 43. Kh3 Kg8 44. Kh4 h6 45. gxh6 Nxh6 46. Kg5 Kh7 47.
Re1 Nf7+ 48. Kg4 Nh6+ 49. Kg5 Nf7+ 50. Kg4 e5 51. fxe5 Rxe5 52. Rxe5 Nxe5+ 53.
Kf4 Nf7 54. Ke4 Kh6 55. Kd5 g5 56. Ke6 Kg6 57. g4 Nh8 58. Ke7 Nf7 59. Ke6 Nh6
60. Ke7 Ng8+ 61. Ke6 Nxf6 {White resigns} 0-1

[Event "Team 45 45 League T74"]
[Site "Internet Chess Club"]
[Date "2017.10.05"]
[Round "3"]
[White "Bizzy-Ketty"]
[Black "ColourfulChess"]
[Result "1/2-1/2"]
[WhiteElo "1582"]
[BlackElo "1657"]
[Opening "Vienna gambit: Breyer variation"]
[ECO "C29"]
[Time "18:00:10"]
[TimeControl "2700+45"]

1. e4 e5 2. Nc3 Nf6 3. f4 d5 4. fxe5 Nxe4 5. Nf3 Be7 6. g3 Bg4 7. Bg2 c5 8. d3
Nxc3 9. bxc3 Nc6 10. Qe2 Qc7 11. Bf4 g5 12. Bd2 O-O-O 13. O-O h6 14. Rae1 Rde8
15. Qe3 Bh5 16. Kh1 b6 17. d4 Bg6 18. Ng1 Qd8 19. Rc1 Na5 20. Qf3 Nc4 21. Rf2
cxd4 22. cxd4 Ba3 23. Rcf1 Bxc2 24. Qxd5 Qxd5 25. Bxd5 Bd3 26. Rd1 Bc2 27. Rdf1
Bd3 28. Rd1 Bc2 29. Re1 Nxd2 30. Rxd2 Bg6 31. Rf2 Re7 32. Re3 Rd8 33. Bg2 Bb4
{Game drawn by mutual agreement} 1/2-1/2

[Event "Team 45 45 League T74"]
[Site "Internet Chess Club"]
[Date "2017.10.01"]
[Round "3"]
[White "a-man"]
[Black "EFXBT"]
[Result "1-0"]
[WhiteElo "1690"]
[BlackElo "1529"]
[Opening "QGD: Marshall defense"]
[ECO "D06"]
[Time "19:01:01"]
[TimeControl "2700+45"]

1. d4 d5 2. c4 Nf6 3. cxd5 Nxd5 4. e4 Nb6 5. Nf3 g6 6. Nc3 Bg7 7. g3 O-O 8. Bg2
Nc6 9. Be3 Bg4 10. d5 Bxf3 11. Bxf3 Ne5 12. O-O Nxf3+ 13. Qxf3 Nc4 14. Bc1 Ne5
15. Qe2 c6 16. f4 Nd7 17. Be3 cxd5 18. Nxd5 Nf6 19. Nxf6+ Bxf6 20. Rfd1 Qa5 21.
e5 Bg7 22. a3 Rfd8 23. Rac1 Rac8 24. Rxc8 Rxc8 25. Rd7 Rc7 26. b4 Qxa3 27. Rxc7
Qxb4 28. Qc4 Qe1+ 29. Kg2 Qxe3 30. Rxe7 {Black resigns} 1-0

[Event "Team 45 45 League T74"]
[Site "Internet Chess Club"]
[Date "2017.09.28"]
[Round "3"]
[White "lovely-14"]
[Black "Chesstime2016"]
[Result "1-0"]
[WhiteElo "1495"]
[BlackElo "1426"]
[Opening "Ruy Lopez: modern Steinitz defense, 5.O-O"]
[ECO "C72"]
[Time "15:30:14"]
[TimeControl "2700+45"]

1. e4 e5 2. Nf3 Nc6 3. Bb5 a6 4. Ba4 d6 5. O-O Bd7 6. c3 Nf6 7. Re1 Be7 8. d4
Bg4 9. d5 b5 10. Bc2 Na7 11. Nbd2 O-O 12. Nf1 Rc8 13. h3 Bxf3 14. Qxf3 c6 15.
dxc6 Nxc6 16. Ng3 d5 17. exd5 Qxd5 18. Ne4 Qd8 19. Rd1 Qc7 20. Nxf6+ Bxf6 21.
Qf5 Rfd8 22. Qxh7+ Kf8 23. Be3 Na5 24. g4 e4 25. Bxe4 Nc4 26. Re1 Nxb2 27. Bf5
Bxc3 28. Bc5+ Qxc5 29. Qh8# {Black checkmated} 1-0

[Event "Team 45 45 League T74"]
[Site "Internet Chess Club"]
[Date "2017.09.27"]
[Round "3"]
[White "RonaldoR"]
[Black "DineshB"]
[Result "1/2-1/2"]
[WhiteElo "1624"]
[BlackElo "1260"]
[Opening "Sicilian defense"]
[ECO "B41"]
[Time "19:00:13"]
[TimeControl "2700+45"]

1. e4 c5 2. Nf3 e6 3. d4 cxd4 4. Nxd4 Bc5 5. Nb3 Bb6 6. Nc3 Nc6 7. Be2 Nge7 8.
O-O O-O 9. Bf4 a6 10. Kh1 f5 11. exf5 Nxf5 12. Bg3 Ba7 13. Bf3 Ncd4 14. Nxd4
Nxd4 15. Be4 Nf5 16. Bxf5 Rxf5 17. Qe2 Bb8 18. Rad1 Bxg3 19. hxg3 Qf6 20. Rd6
Qf7 21. Qd2 Rb8 22. Ne4 b5 23. Kg1 Qg6 24. Rd3 Bb7 25. Nd6 Rd5 26. Rxd5 Bxd5 27.
b3 Qf6 28. c4 bxc4 29. Nxc4 Bxc4 30. bxc4 Rd8 31. Qd6 e5 32. Rd1 Qxd6 33. Rxd6
Rc8 34. Rxa6 Rxc4 35. Rd6 Ra4 36. Rxd7 Rxa2 37. g4 Ra4 38. f3 Kf8 39. Kf2 e4 40.
Ke3 exf3 41. gxf3 h6 42. f4 Ra3+ 43. Ke4 Ra4+ 44. Ke3 Ra3+ 45. Ke4 Rg3 46. Kf5
Ra3 {Game drawn by mutual agreement} 1/2-1/2

[Event "Team 45 45 League T74"]
[Site "Internet Chess Club"]
[Date "2017.09.28"]
[Round "3"]
[White "idjit"]
[Black "Constrictor"]
[Result "0-1"]
[WhiteElo "1616"]
[BlackElo "1516"]
[Opening "Alekhine's defense: modern variation, 4...Bg4"]
[ECO "B05"]
[Time "17:01:02"]
[TimeControl "2700+45"]

1. e4 Nf6 2. e5 Nd5 3. d4 d6 4. Nf3 Bg4 5. Be2 e6 6. O-O Be7 7. c4 Nb6 8. Nc3
O-O 9. h3 Bh5 10. Be3 d5 11. cxd5 Nxd5 12. Qb3 Nb6 13. Rfd1 c6 14. Rac1 N8d7 15.
Na4 Nxa4 16. Qxa4 Nb6 17. Qc2 Bg6 18. Bd3 Bxd3 19. Qxd3 Nd5 20. Nd2 Rc8 21. Ne4
Nxe3 22. fxe3 Qc7 23. Qc4 Rfd8 24. Rf1 Qd7 25. Rf2 Qd5 26. Qxd5 cxd5 27. Rcf1
dxe4 {White resigns} 0-1

[Event "Team 45 45 League T74"]
[Site "Internet Chess Club"]
[Date "2017.10.01"]
[Round "3"]
[White "stanbeers"]
[Black "noblitz-oblige"]
[Result "1/2-1/2"]
[WhiteElo "1312"]
[BlackElo "1439"]
[Opening "Kevitz-Trajkovich defense"]
[ECO "A40"]
[Time "22:05:43"]
[TimeControl "2700+45"]

1. d4 Nc6 2. c4 Nf6 3. Nf3 e6 4. Nc3 d6 5. e4 Be7 6. Be2 O-O 7. O-O Re8 8. h3 h6
9. Be3 d5 10. e5 Nh7 11. Qd2 Na5 12. b3 b6 13. Na4 Ba6 14. Nb2 c5 15. Rab1 dxc4
16. Nxc4 Nxc4 17. Bxc4 Bb7 18. Be2 Qc7 19. Rbc1 Rad8 20. Qc3 Nf8 21. dxc5 bxc5
22. Bxc5 Bxc5 23. Qxc5 Qb8 24. Qe3 Nd7 25. Rfd1 Bxf3 26. Bxf3 Nxe5 27. Be2 Ng6
28. Bc4 Ne7 29. Qf3 Qe5 30. Re1 Qb2 31. a4 Nf5 32. Rcd1 Rd2 33. Rb1 Qd4 34. Re4
Qb6 35. Rbe1 Nd6 36. R4e3 Nxc4 37. bxc4 Rc8 38. Rb3 Qd4 39. Reb1 Qxc4 40. Rb4
Qe2 41. Qxe2 Rxe2 42. R4b2 Rcc2 43. Rxc2 Rxc2 44. Rb8+ Kh7 45. Rb7 Kg6 46. Rxa7
Ra2 47. Ra5 Kf6 48. f3 e5 49. Kh2 Ke6 50. Kg3 f5 51. h4 Ra3 52. Kh2 g5 53. h5 g4
54. fxg4 fxg4 55. Ra6+ Kf5 56. Rxh6 g3+ 57. Kh3 Rxa4 58. Kxg3 Kg5 59. Re6 Rg4+
60. Kf3 Kxh5 61. Rxe5+ Kh4 62. Re4 Rxe4 63. Kxe4 Kg3 64. Ke3 Kxg2 {Game drawn
because neither player has mating material} 1/2-1/2

[Event "Team 45 45 League T74"]
[Site "Internet Chess Club"]
[Date "2017.10.01"]
[Round "3"]
[White "chesskix"]
[Black "rkaebi"]
[Result "0-1"]
[WhiteElo "1399"]
[BlackElo "1422"]
[Opening "QGD: Semi-Tarrasch defense, Pillsbury variation"]
[ECO "D40"]
[Time "13:00:37"]
[TimeControl "2700+45"]

1. Nf3 d5 2. d4 e6 3. c4 c5 4. Nc3 Nf6 5. Bg5 Be7 6. e3 b6 7. Be2 Bb7 8. O-O O-O
9. Rb1 Nbd7 10. a3 h6 11. Bh4 dxc4 12. Bxc4 a6 13. h3 b5 14. Be2 cxd4 15. exd4
Rc8 16. Bg3 Qb6 17. Ne5 Rfd8 18. Bf3 Bxf3 19. Nxf3 Nh7 20. Ne2 Bf6 21. Qb3 Ng5
22. Nxg5 hxg5 23. Rfd1 Rc4 24. Qe3 Nf8 25. Be5 Bxe5 26. Qxe5 f6 27. Qe3 Kf7 28.
b3 Rc7 29. Qf3 g6 30. Rd3 Qd6 31. b4 Nd7 32. Rbd1 Nb6 33. Ng3 f5 34. Ne4 Qe7 35.
Nc5 Ra7 36. Re1 Rd6 37. Ne4 Rdd7 38. Nc5 Rd6 39. Ne4 Rdd7 40. Nc3 Qf6 41. d5
exd5 42. Nxd5 Nxd5 43. Rxd5 Rac7 44. Rc5 Qd4 45. Qb3+ Kg7 46. Qe3 Qxe3 47. fxe3
Rxc5 48. bxc5 Rc7 49. Rc1 Kf6 50. Kf2 Ke6 51. g4 f4 52. exf4 gxf4 53. Kf3 g5 54.
Rc3 Ke5 55. Ke2 Kd4 {White resigns} 0-1

[Event "Team 45 45 League T74"]
[Site "Internet Chess Club"]
[Date "2017.09.29"]
[Round "3"]
[White "dabodhi"]
[Black "Just-Jim"]
[Result "1-0"]
[WhiteElo "1337"]
[BlackElo "1315"]
[Opening "King's pawn opening"]
[ECO "B07"]
[Time "17:31:21"]
[TimeControl "2700+45"]

1. e4 d6 2. d4 c6 3. f4 e6 4. Nf3 Be7 5. Be3 Nf6 6. Bd3 d5 7. Nbd2 h6 8. h3 dxe4
9. Nxe4 Nxe4 10. Bxe4 Bh4+ 11. Ke2 O-O 12. Bf2 Bf6 13. g4 g5 14. fxg5 Bxg5 15.
h4 f5 16. hxg5 fxe4 17. Ne5 Qxg5 18. Rh5 Qf4 19. Be3 Qg3 20. Qg1 Qxg1 21. Rxg1
Nd7 22. g5 Nxe5 23. gxh6+ Kf7 24. Rg7+ Ke8 25. dxe5 b6 26. h7 Ba6+ 27. Kd2 Rd8+
28. Kc3 Rh8 29. Rg8+ Kf7 30. Rxd8 Rxd8 31. h8=Q Rxh8 32. Rxh8 Kg6 33. Rh6+ Kf5
34. Rh5+ Kg4 35. Rh7 c5 36. Rxa7 Bf1 37. a4 Kf3 38. Kd2 c4 39. Rb7 c3+ 40. bxc3
Bc4 41. Rxb6 Ba2 42. a5 Kg4 43. a6 Kf5 44. a7 Bd5 45. Rb8 {Black resigns} 1-0

[Event "Team 45 45 League T74"]
[Site "Internet Chess Club"]
[Date "2017.10.01"]
[Round "3"]
[White "kabindra"]
[Black "RD1974"]
[Result "0-1"]
[WhiteElo "1649"]
[BlackElo "1596"]
[Opening "French: Tarrasch, open variation"]
[ECO "C07"]
[Time "18:00:41"]
[TimeControl "2700+45"]

1. e4 e6 2. d4 d5 3. Nd2 c5 4. c3 Bd7 5. Bd3 Nc6 6. Ne2 Nh6 7. h3 Be7 8. Nf3
cxd4 9. Bxh6 gxh6 10. exd5 exd5 11. Nexd4 Rg8 12. Qe2 Kf8 13. Nf5 Bc5 14. O-O
Qf6 15. N3h4 Re8 16. Qh5 Bxf5 17. Nxf5 Rg6 18. b4 Bb6 19. Nd4 Rg5 20. Qd1 Nxd4
21. cxd4 Bxd4 22. Rc1 Bb6 23. a4 a6 24. a5 Ba7 25. Rc2 Qf4 26. Re2 Qg3 27. Rxe8+
Kxe8 28. Re1+ Kf8 29. Bf1 Bxf2+ {White resigns} 0-1

[Event "Team 45 45 League T74"]
[Site "Internet Chess Club"]
[Date "2017.09.28"]
[Round "3"]
[White "RonaldoR"]
[Black "drsigmund1"]
[Result "1-0"]
[WhiteElo "1631"]
[BlackElo "1402"]
[Opening "French: Two knights variation"]
[ECO "C00"]
[Time "20:01:36"]
[TimeControl "2700+45"]

1. e4 e6 2. Nf3 d5 3. Nc3 d4 4. Ne2 c5 5. c3 Nc6 6. cxd4 cxd4 7. Qa4 Bc5 8. b4
Bb6 9. b5 Nce7 10. Nexd4 Bd7 11. Be2 Nf6 12. d3 a6 13. O-O axb5 14. Qb3 Bxd4 15.
Nxd4 Qb6 16. Be3 Qa5 17. Rfb1 O-O 18. Nxb5 e5 19. Bc5 Rfe8 20. Qb4 Nc6 21. Qxa5
Rxa5 22. a4 Nb8 23. Bb6 Ra6 24. Nc7 Rxa4 25. Rxa4 Bxa4 26. Nxe8 Nxe8 27. d4 exd4
28. Bxd4 Bc6 29. f3 f6 30. Bb5 Nd6 31. Bxc6 Nxc6 32. Bc5 Nc4 33. Rxb7 N6e5 34.
Rb8+ Kf7 35. Bd4 Nd7 36. Rb7 Ke6 37. Kf2 Na5 38. Ra7 Nc6 39. Ra6 Kd6 40. Bc3 Kc5
41. Ke3 Kb5 42. Ra8 Ndb8 43. f4 Kb6 44. e5 Kb7 45. Ra1 fxe5 46. Bxe5 Nd7 {Black
resigns} 1-0

[Event "Team 45 45 League T74"]
[Site "Internet Chess Club"]
[Date "2017.09.29"]
[Round "3"]
[White "OGO"]
[Black "kabubi"]
[Result "1-0"]
[WhiteElo "1395"]
[BlackElo "1162"]
[Opening "QGD: 4.Bg5 Be7"]
[ECO "D53"]
[Time "21:01:25"]
[TimeControl "2700+45"]

1. d4 d5 2. c4 e6 3. Nc3 Nf6 4. Bg5 Be7 5. c5 h6 6. Bh4 O-O 7. e3 Nc6 8. Bd3 e5
9. Nge2 a6 10. O-O Re8 11. f3 b6 12. Na4 Rb8 13. Qc2 Nb4 14. Qc3 Nxd3 15. Qxd3
b5 16. Nac3 c6 17. b3 exd4 18. exd4 Ra8 19. a4 b4 20. Nd1 a5 21. Ne3 g6 22. Rae1
Ba6 23. Qc2 Nh7 24. Bxe7 Qxe7 25. Ng4 Bxe2 26. Rf2 Bd3 27. Rxe7 Bxc2 28. Rxe8+
Rxe8 29. Rxc2 Re2 {Black resigns} 1-0

[Event "Team 45 45 League T74"]
[Site "Internet Chess Club"]
[Date "2017.09.29"]
[Round "3"]
[White "crazyhorses"]
[Black "bluesun"]
[Result "1-0"]
[WhiteElo "1464"]
[BlackElo "1453"]
[Opening "Ruy Lopez: Anderssen variation"]
[ECO "C77"]
[Time "17:03:14"]
[TimeControl "2700+45"]

1. e4 e5 2. Nf3 Nc6 3. Bb5 a6 4. Ba4 Nf6 5. d3 Be7 6. c3 b5 7. Bc2 O-O 8. O-O d6
9. Nbd2 Na5 10. Re1 c5 11. Nf1 h6 12. Ng3 Ne8 13. d4 cxd4 14. cxd4 f6 15. Nh4
Nc7 16. Nhf5 Bxf5 17. Nxf5 d5 18. Qg4 Ne6 19. Nxh6+ Kh7 20. Qxe6 gxh6 21. exd5+
Kh8 22. Bxh6 Bd6 23. Bxf8 Qxf8 24. Re3 Ra7 25. Rh3+ Qh6 26. Rxh6+ Kg7 27. Rh7+
Kf8 {Black resigns} 1-0

[Event "Team 45 45 League T74"]
[Site "Internet Chess Club"]
[Date "2017.10.01"]
[Round "3"]
[White "MasterD"]
[Black "Pawnchain"]
[Result "0-1"]
[WhiteElo "1461"]
[BlackElo "1444"]
[Opening "French: advance variation"]
[ECO "C02"]
[Time "08:01:15"]
[TimeControl "2700+45"]

1. e4 e6 2. d4 d5 3. e5 c5 4. f4 Nc6 5. Nf3 cxd4 6. Nxd4 a6 7. a3 Bc5 8. Nxc6
bxc6 9. b4 Ba7 10. Qf3 Ne7 11. Be3 Nf5 12. Bxa7 Rxa7 13. Qf2 Qc7 14. g4 Ne7 15.
c4 dxc4 16. Bxc4 Nd5 17. O-O O-O 18. Qd4 a5 19. Bxd5 cxd5 20. Nc3 Bd7 21. f5 Rc8
22. Ne2 axb4 23. Qxb4 Ra4 24. Qd2 Rxg4+ 25. Kh1 exf5 26. Rac1 Qb7 27. Rxc8+ Qxc8
28. Qxd5 Bc6 29. h3 Bxd5+ 30. Kh2 Rg2+ 31. Kh1 Rxe2+ 32. Kg1 Qc3 33. Rd1 Qg3+
34. Kf1 Qf2# {White checkmated} 0-1

[Event "Team 45 45 League T74"]
[Site "Internet Chess Club"]
[Date "2017.09.27"]
[Round "3"]
[White "Kingofknights"]
[Black "bazarov"]
[Result "1-0"]
[WhiteElo "1432"]
[BlackElo "1093"]
[Opening "QGD: Ragozin variation"]
[ECO "D38"]
[Time "18:01:26"]
[TimeControl "2700+45"]

1. d4 e6 2. c4 d5 3. Nc3 Bb4 4. Nf3 Nf6 5. Bg5 O-O 6. e3 Be7 7. Qc2 h6 8. h4 Nc6
9. a3 Na5 10. c5 b6 11. cxb6 axb6 12. Be2 Ba6 13. Ne5 Bxe2 14. Kxe2 b5 15. Bf4
b4 16. axb4 Bxb4 17. Rh3 c5 18. h5 Qb6 19. dxc5 Qxc5 20. g4 Ne4 21. Rc1 Rfc8 22.
Qd3 Bxc3 23. bxc3 Nb3 24. Rc2 Nxc3+ 25. Kf1 Ra1+ 26. Kg2 Rd1 27. Qa6 g5 28. hxg6
f6 29. Qxe6+ Kh8 30. Rxh6+ {Black resigns} 1-0